 Dungeon Crawl Stone Soup version 0.29.1-12-g30fa7ad0bf (webtiles) character file.

Game seed: 5464578896190589181

935 unlimited1921 the Magician (level 8, -4/54 HPs)
             Began as a Djinni Fire Elementalist on Jan 9, 2023.
             Slain by an ogre
             ... wielding a +0 giant club
              (16 damage)
             ... on level 4 of the Dungeon.
             The game lasted 00:21:02 (7980 turns).

unlimited1921 the Magician (DjFE)                   Turns: 7980, Time: 00:21:05

Health: -4/54      AC: 13    Str: 20    XL:     8   Next: 33%
Gold:   191        EV: 12    Int: 25    God:
                   SH:  0    Dex: 14

rFire   + + +      SeeInvis .   q - +2 trident (vorpal)
rCold   x . .      Faith    .   (no shield)
rNeg    . . .      Spirit   .   u - +4 ring mail of the Maze {rF+++ Str+7 Stlth-}
rPois   ∞          Reflect  .   r - +2 helmet
rElec   .          Harm     .   (no cloak)
rCorr   .          Rampage  .   v - +0 pair of gloves
Will    .....                   (boots unavailable)
Stlth   +.........              (no amulet)
HPRegen 0.18/turn               j - +6 ring of strength
MPRegen 0.00/turn               n - +6 ring of intelligence

@: flying
A: sickness immunity, fire resistance 2, cold vulnerability 1, float, innate
caster, HP casting, extra vitality 1
a: no special abilities


You were on level 4 of the Dungeon.
You visited 1 branch of the dungeon, and saw 4 of its levels.

You collected 191 gold pieces.

Inventory:

Hand Weapons
 e - a +1 rapier of holy wrath
 q - a +2 vorpal trident (weapon)
 s - a +1 sling of flaming
Missiles
 l - 5 curare-tipped darts
 t - 74 stones
Armour
 a - a +0 robe
 r - a +2 helmet (worn)
 u - the +4 ring mail of the Maze (worn) {rF+++ Str+7 Stlth-}
   (You found it on level 2 of the Dungeon)

   Str:       It affects your strength (+7).
   rF:        It renders you almost immune to fire.
   Stlth:     It makes you less stealthy.
 v - a +0 pair of gloves (worn)
Jewellery
 j - a +6 ring of strength (left hand)
 n - a +6 ring of intelligence (right hand)
Scrolls
 b - 4 scrolls of identify {unknown}
 c - 2 scrolls of enchant weapon {unknown}
 d - a scroll of enchant armour {unknown}
 f - 2 scrolls of butterflies {unknown}
 k - a scroll of vulnerability {unknown}
 m - a scroll of teleportation {unknown}
 w - 3 scrolls of immolation {unknown}
Potions
 g - a potion of mutation {unknown}
 h - a potion of might {unknown}
 i - a potion of resistance {unknown}
 o - a potion of degeneration {unknown}
 p - a potion of flight {unknown}


   Skills:
 + Level 1.9 Fighting
 + Level 0.1 Short Blades
 + Level 2.5 Polearms
 + Level 2.8 Armour
 + Level 3.3 Dodging
 + Level 3.7 Stealth
 + Level 5.0 Spellcasting


You couldn't memorise any spells.
You knew the following spells:

 Your Spells              Type           Power      Damage    Failure   Level
a - Foxfire               Conj/Fire      100%       2x1d9     1%          1
b - Scorch                Fire           62%        2d8       2%          2
c - Conjure Flame         Conj/Fire      31%        6-21      4%          3
d - Inner Flame           Hex/Fire       31%        N/A       4%          3
e - Flame Wave            Conj/Fire      31%        2d9       17%         4
f - Freeze                Ice            100%       1d11      1%          1
g - Call Imp              Summ           31%        N/A       2%          2
h - Confusing Touch       Hex            31%        N/A       4%          3
Your spell library was empty.

Dungeon Overview and Level Annotations

Branches:
Dungeon (4/15)             Temple (0/1) D:4

Altars:
Wu Jian


Innate Abilities, Weirdness & Mutations

You are immune to sickness and miasma.
You are immune to poison.
Your flesh is very heat resistant. (rF++)
You are vulnerable to cold. (rC-)
You float through the air rather than walking.
You learn spells naturally, not from books.
Your magical power is your life essence.
You have superior vitality. (+4 MHP)


Message History

The endoplasm hits you but does no damage.
The jackal barely misses you.
You closely miss the orc. The jackal closely misses you.
The endoplasm freezes you.
You are frozen!
You feel a terrible chill! The orc hits you but does no damage.
The endoplasm attacks as you move away!
The endoplasm hits you but does no damage.
You are too injured to fight recklessly!
You are too injured to fight recklessly!
Casting: Foxfire (safe; 1% risk of failure)
Confirm with . or Enter, or press ? or * to list all spells.
A beastly little devil appears in a puff of flame.
The jackal closely misses you.
Casting: Call Imp (safe; 2% risk of failure)
Confirm with . or Enter, or press ? or * to list all spells.
Flames lash the jackal.
You kill the jackal!
The jackal completely misses you. x2
Casting: Scorch (safe; 2% risk of failure)
Confirm with . or Enter, or press ? or * to list all spells.
Flames lash the endoplasm.
You kill the endoplasm!
* * * LOW HITPOINT WARNING * * *
The jackal bites you but does no damage.
The orc hits you but does no damage.
Your crimson imp closely misses the orc.
Casting: Scorch (safe; 2% risk of failure)
Confirm with . or Enter, or press ? or * to list all spells.
Flames lash the jackal.
You kill the jackal!
* * * LOW HITPOINT WARNING * * *
The orc hits you but does no damage.
Your crimson imp misses the orc.
Casting: Scorch (safe; 2% risk of failure)
Confirm with . or Enter, or press ? or * to list all spells.
Flames lash the ogre.
The ogre is almost dead.
The ogre's fire resistance burns away.
* * * LOW HITPOINT WARNING * * *
The orc barely misses you. The ogre hits you with a +0 giant club!
You die...

.#.#....#<.#.####
#. #
........####.#
#.###
#.............#
#....
#........#######
#####
...........#...#
###..
.........#..(P..
....P
..........##...#
###.. #.....5o|#
### ##.###
##.....#@# #....'
#.##..O)# ##...#
#. #..### #...#
#..........#
#...#
#..[...)......#
#####
#...........##.
#...........#
#...........#
#...........#


You could see an ogre (combustible), an orc (ally target) and a friendly crimson
imp (summoned).

Vanquished Creatures
  4 yaks (D:4)
  A howler monkey (D:4)
  A jelly (D:4)
  2 hounds
  An orc wizard (D:4)
  Terence (D:2)
  Robin (D:2)
  3 gnolls (D:4)
  4 adders
  A worm (D:2)
  A dart slug (D:3)
  12 orcs
  3 ball pythons
  7 endoplasms
  3 giant cockroaches
  16 goblins
  12 hobgoblins
  13 jackals
  5 kobolds
  4 quokkas
  4 bats
  6 frilled lizards
  7 rats
112 creatures vanquished.

Vanquished Creatures (others)
  221 foxfires
221 creatures vanquished.

Grand Total: 333 creatures vanquished

Notes
Turn   | Place    | Note
-------+----------+-------------------------------------------
     0 | D:1      | unlimited1921 the Djinni Fire Elementalist began the quest
                  | for the Orb.
     0 | D:1      | unlimited1921 set off with the following spells memorised:
                  | Foxfire, Scorch, Conjure Flame, Inner Flame, Flame Wave.
     0 | D:1      | Reached XP level 1. HP: 15/15 MP: 0/0
   257 | D:1      | Reached XP level 2. HP: 17/21 MP: 0/0
  1499 | D:1      | Reached skill level 3 in Spellcasting
  1909 | D:1      | You are sucked into a shaft and drop 1 floor!
  2175 | D:1      | Reached XP level 3. HP: 24/25 MP: 0/0
  2175 | D:1      | Learned a level 1 spell: Freeze
  3641 | D:2      | Reached XP level 4. HP: 27/31 MP: 0/0
  3676 | D:2      | Noticed Robin
  3927 | D:3      | Reached XP level 5. HP: 18/35 MP: 0/0
  3927 | D:3      | Learned a level 2 spell: Call Imp
  5300 | D:2      | Noticed Terence
  5305 | D:2      | Killed Terence
  5306 | D:2      | Reached skill level 4 in Spellcasting
  5423 | D:2      | Found a faded altar of an unknown god.
  5461 | D:2      | Killed Robin
  5687 | D:2      | Identified the +4 ring mail of the Maze {rF+++ Str+7
                  | Stlth-}
  5943 | D:2      | Found an ornate altar of the Wu Jian Council.
  6978 | D:4      | Reached XP level 6. HP: 39/40 MP: 0/0
  7481 | D:4      | Noticed a yak
  7482 | D:4      | Noticed a yak
  7483 | D:4      | Noticed a yak
  7485 | D:4      | Noticed a yak
  7489 | D:4      | Killed a yak
  7489 | D:4      | Killed a yak
  7490 | D:4      | Reached skill level 1 in Fighting
  7490 | D:4      | Reached skill level 1 in Polearms
  7490 | D:4      | Reached skill level 1 in Armour
  7490 | D:4      | Reached XP level 7. HP: 30/47 MP: 0/0
  7490 | D:4      | Learned a level 3 spell: Confusing Touch
  7491 | D:4      | Killed a yak
  7495 | D:4      | Killed a yak
  7496 | D:4      | Reached skill level 5 in Spellcasting
  7496 | D:4      | Reached XP level 8. HP: 20/53 MP: 0/0
  7697 | D:4      | Found a staircase to the Ecumenical Temple.
  7980 | D:4      | Slain by an ogre

Illustrated notes

Levels and vault maps discovered:
D:1:      dpeg_arrival_morbid_curiosity, layout_basic
D:2:      layout_basic, basic_altar, ebering_ecumenical_altar_abandoned,
          nrook_campfire, minmay_ruptured, uniq_robin, uniq_terence
D:3:      layout_loops_ring, kennysheep_generic_room_8
D:4:      layout_basic, elyvilon_altar_1, minmay_temple_entry_enclosed_plants

Skill      XL: |  1  2  3  4  5  6  7 |
---------------+----------------------+-----
Spellcasting   | 3 4 5 |  5.0
Stealth        | 2 3 |  3.7
Fighting       | 1 |  1.9
Polearms       | 1 2 |  2.5
Armour         | 1 2 |  2.8
Dodging        | 3 |  3.3
Short Blades   | |  0.1

Action                   |  1- 3 |  4- 6 |  7- 9 || total
-------------------------+-------+-------+-------++-------
Melee: Rapier            |     7 |     1 |       ||     8
       Trident           |       |    50 |    48 ||    98
 Cast: Foxfire           |    74 |    67 |     7 ||   148
       Scorch            |     8 |    11 |     7 ||    26
       Freeze            |     3 |       |       ||     3
       Inner Flame       |       |     5 |     2 ||     7
       Call Imp          |       |     1 |     1 ||     2
 Stab: Sleeping          |       |     1 |       ||     1
Armor: Robe              |     4 |     1 |       ||     5
       Ring mail         |       |    16 |    31 ||    47
Dodge: Dodged            |    20 |    54 |    34 ||   108
